 Dungeon Crawl Stone Soup version 0.27.1-34-g3ba077fa99 (webtiles) character file.

Game seed: 11345340242883162439

31149 KamiKatze the Severer (level 13, -40/113 HPs)
             Began as a Palentonga Berserker on Jan 22, 2022.
             Was an Elder of Trog.
             Annihilated by a boulder beetle (53 damage)
             ... on level 4 of the Lair of Beasts.
             The game lasted 01:08:17 (15628 turns).

KamiKatze the Severer (Palentonga Berserker)       Turns: 15628, Time: 01:08:18

Health: -40/113    AC: 20    Str: 31    XL:     13   Next: 24%
Magic:  13/13      EV: 11    Int:  8    God:    Trog [****..]
Gold:   1092       SH:  5    Dex: 10    Spells: 12/12 levels left

rFire    + . .     SeeInvis +   a - +0 war axe (elec)
rCold    . . .     Faith    .   (no shield)
rNeg     . . .     Spirit   .   n - +3 leather armour {rPois}
rPois    +         Reflect  +   f - +1 hat {Will+}
rElec    .         Harm     .   y - +0 cloak
rCorr    .         Rampage  .   t - +1 pair of gloves
Will     +++..                  (no barding)
Stlth    +.........             M - amulet of reflection
HPRegen  1.28/turn              E - +6 ring of strength
MPRegen  0.13/turn              p - ring of protection from fire

@: strong-willed, on berserk cooldown, regenerating, slowed, curled up, very
slow
A: large, rugged brown scales 3, see invisible, deformed body, roll 1, armoured
tail, reflexive curl
a: Rolling Charge, Renounce Religion, Berserk, Trog's Hand, Brothers in Arms


You were on level 4 of the Lair of Beasts.
You worshipped Trog.
Trog was greatly pleased with you.
You visited 3 branches of the dungeon, and saw 16 of its levels.

You collected 1092 gold pieces.

Inventory:

Hand Weapons
 a - a +0 war axe of electrocution (weapon)
 w - a +2 morningstar of freezing
 F - the +5 rapier of the Pits of Slime {freeze, rN+ Will++ Int-5}
   (You found it on level 7 of the Dungeon)

   It freezes those it strikes, dealing additional cold damage.
   It can also slow down cold-blooded creatures.
   Int:       It affects your intelligence (-5).
   rN:        It protects you from negative energy.
   Will:      It greatly increases your willpower.
 L - a +3 morningstar
Missiles
 h - 104 stones
 u - 56 poisoned darts (quivered)
 J - a throwing net
 N - 7 atropa-tipped darts
Armour
 d - a +0 tower shield
 f - a +1 hat of willpower (worn)
 n - a +3 leather armour of poison resistance (worn)
 r - a +0 scale mail
 t - a +1 pair of gloves (worn)
 y - a +0 cloak (worn)
 Q - a +2 ring mail of fire resistance
Jewellery
 l - an amulet of magic regeneration
 p - a ring of protection from fire (right hand)
 B - a ring of ice
 E - a +6 ring of strength (left hand)
 M - an amulet of reflection (around neck)
 O - the ring of Lilacs {rPois rC+++ rN+ Will- Dex+2}
   (You found it on level 3 of the Lair of Beasts)

   [ring of positive energy]

   Dex:       It affects your dexterity (+2).
   rC:        It renders you almost immune to cold.
   rPois:     It protects you from poison.
   rN:        It protects you from negative energy.
   Will:      It decreases your willpower.
Wands
 k - a wand of polymorph (14)
 v - a wand of flame (36)
 x - a wand of acid (7)
 z - a wand of digging (6)
 A - a wand of iceblast (15)
 D - a wand of charming (10)
Scrolls
 c - 5 scrolls of magic mapping
 i - a scroll of vulnerability
 o - 2 scrolls of enchant armour
 s - 3 scrolls of teleportation
 P - a scroll of blinking {unknown}
Potions
 b - 6 potions of flight
 e - 4 potions of lignification
 j - a potion of invisibility
 m - a potion of haste
 q - 2 potions of attraction
 C - a potion of brilliance {unknown}
 G - a potion of magic
 H - 2 potions of berserk rage
 I - 3 potions of curing
 S - a potion of resistance
 T - 2 potions of cancellation
Miscellaneous
 g - a condenser vane


   Skills:
 + Level 11.5 Fighting
 * Level 16.5 Axes
 + Level 7.0 Armour
 + Level 7.0 Dodging
 * Level 2.7 Shields
 + Level 6.2 Evocations


You had 12 spell levels left.
You didn't know any spells.
Your spell library was empty.

Dungeon Overview and Level Annotations

Branches:
Dungeon (11/15)            Temple (1/1) D:7            Lair (4/6) D:10
  Snake (0/4) Lair:3          Orc (0/2) D:10
  Swamp: Lair:2-4    Shoals: Lair:2-4

Altars:
Ashenzari
Cheibriados
Dithmenos
Elyvilon
Fedhas
Gozag
Hepliaklqana
Kikubaaqudgha
Makhleb
Nemelex Xobeh
Okawaru
Qazlal
Ru
Sif Muna
Trog
Uskayaw
Vehumet
Wu Jian
Xom
Yredelemnul
Zin
The Shining One

Annotations:
D:4 rF to get some gold, 1 exclusion
Lair:1 3 runed translucent doors, exclusion: 3 doors, brob1's ghost, journeyman DDFi; fexil's ghost, novice TeSu; kalagan's ghost, journeyman DECj


Innate Abilities, Weirdness & Mutations

You are completely covered in rugged brown scales. (AC +3, +7% HP)
You have supernaturally acute eyesight. (SInv)
Armour fits poorly on your strangely shaped body.
You can roll at nearby foes to attack.
You have a long armoured tail.
You curl defensively after being hit.


Message History

The boulder beetle hits you but does no damage.
The boulder beetle stops rolling and uncurls.
You hit the boulder beetle.
You tail-slap the boulder beetle, but do no damage.
The boulder beetle is moderately wounded.
The boulder beetle closely misses you.
Unknown command.
You hit the boulder beetle but do no damage.
Lightning courses through the boulder beetle!!
The boulder beetle is heavily wounded.
You hit the cane toad. You block the cane toad's attack.
The boulder beetle barely misses you.
Unknown command.
You hit the boulder beetle but do no damage.
You tail-slap the boulder beetle, but do no damage.
The boulder beetle is heavily wounded.
You hit the cane toad but do no damage. The cane toad stings you.
* * * LOW HITPOINT WARNING * * *
The boulder beetle bites you!!
* * * LOW HITPOINT WARNING * * *
The cane toad stings you but does no damage.
You feel better.
The boulder beetle leaps!
You block the cane toad's attack.
Unknown command.
You slash the cane toad!
The cane toad is heavily wounded.
The cane toad stings you but does no damage.
The cane toad stings you!
* * * LOW HITPOINT WARNING * * *
The boulder beetle curls into a ball and begins rolling!
Unknown command.
You barely miss the cane toad.
The cane toad is heavily wounded.
The cane toad stings you.
* * * LOW HITPOINT WARNING * * *
The cane toad stings you but does no damage.
Unknown command.
You slice the cane toad!!
The cane toad is almost dead.
The cane toad barely misses you. The boulder beetle hits you!!!
You die...

. .. .. . # .# . .# .
#.##.#. .## .
##...#.####.. . ##.#
...(..#.### .
....###..#.#..[#
##.##.[.........#
.......F...(....#
###....@..##...##
#....B.###○#.## ##
#.....○.##.#..##.###
#######...°#..B.......#.?
#.....#....°○............
#.....#.<......(.....|#..
#.....#..................
#.....#..................
#####.#..................


You could see a boulder beetle (rolling) and a cane toad.

Vanquished Creatures
  Gastronok (Lair:1)
  A great orb of eyes (D:9)
  A boulder beetle (Lair:3)
  3 hydras
  2 two-headed ogres
  Pikel (D:9)
  A necromancer (Lair:3)
  An ugly thing (D:11)
  6 elephants
  4 black mambas
  2 centaur zombies (D:9)
  3 komodo dragons
  6 rime drakes
  A freezing wraith (D:9)
  9 cane toads
  A troll (D:9)
  Grinder (D:5)
  A hornet (D:10)
  19 blink frogs
  A vampire (D:9)
  5 wyverns
  7 yaks
  6 basilisks
  A wraith (D:10)
  A fire elemental (Lair:1)
  Eustachio (D:4)
  Menkaure (D:5)
  2 wargs (D:9)
  An acid dragon (D:9)
  2 nagas (Lair:3)
  22 water moccasins
  A sky beast (D:7)
  5 black bears
  An elephant zombie (Lair:3)
  6 wolves (Lair:1)
  10 centaurs
  An ogre (D:4)
  A phantom (D:4)
  3 lemures (D:9)
  2 kobold brigands (D:10)
  Blork the orc (D:6)
  A komodo dragon zombie (Lair:3)
  9 bullfrogs
  A wyvern zombie (D:8)
  A gnoll sergeant (D:9)
  2 scorpions
  A wyvern skeleton (D:6)
  4 wights (D:8)
  3 howler monkeys
  8 electric eels
  A lava snake (Lair:1)
  2 hounds
  A jelly (D:8)
  A basilisk zombie (Lair:3)
  A bullfrog skeleton (D:5)
  4 orc priests
  8 orc wizards
  A scorpion zombie (D:5)
  3 iguanas
  A hell rat (Lair:3)
  Natasha (thrice) (D:3)
  2 killer bee zombies
  A hound skeleton (D:5)
  A howler monkey zombie (D:9)
  6 gnolls
  4 adders
  A white imp (D:7)
  2 ufetubi
  An adder skeleton (D:5)
  2 worms (D:3)
  A dart slug (D:3)
  24 orcs
  4 ball pythons
  2 bats
  3 endoplasms
  4 giant cockroaches
  3 goblins
  5 hobgoblins
  3 frilled lizards
  10 kobolds
  2 rats (D:1)
282 creatures vanquished.

Vanquished Creatures (others)
  An ogre (D:4)
  A worm (D:4)
  A goblin (D:4)
  18 fungi
  33 plants
  4 withered plants (Lair:1)
58 creatures vanquished.

Grand Total: 340 creatures vanquished

Notes
Turn   | Place    | Note
-------+----------+-------------------------------------------
     0 | D:1      | KamiKatze the Palentonga Berserker began the quest for the
                  | Orb.
     0 | D:1      | Reached XP level 1. HP: 19/19 MP: 1/1
   191 | D:1      | Found a faded altar of an unknown god.
   336 | D:1      | Reached XP level 2. HP: 13/25 MP: 2/2
  1413 | D:3      | Noticed Natasha
  1421 | D:3      | Killed Natasha
  1422 | D:3      | Reached skill level 4 in Axes
  1422 | D:3      | Reached XP level 3. HP: 17/31 MP: 3/3
  1563 | D:3      | Found a shadowy altar of Dithmenos.
  1607 | D:3      | Reached XP level 4. HP: 18/39 MP: 4/4
  1703 | D:3      | Noticed Natasha
  1713 | D:3      | Killed Natasha
  1723 | D:3      | Noticed Natasha
  1732 | D:3      | Killed Natasha
  2064 | D:3      | Reached skill level 5 in Axes
  2224 | D:3      | Reached XP level 5. HP: 37/44 MP: 5/5
  2468 | D:3      | Found a shimmering blue altar of Sif Muna.
  2616 | D:4      | Noticed Eustachio
  2616 | D:4      | Noticed a phantom
  2706 | D:4      | Noticed an ogre
  2738 | D:4      | Killed Eustachio
  2739 | D:4      | Reached skill level 6 in Axes
  2739 | D:4      | Reached XP level 6. HP: 52/52 MP: 6/6
  2863 | D:3      | Reached skill level 5 in Fighting
  3021 | D:4      | Identified the +1 pair of boots of Objectivity {Slay+3}
  3027 | D:4      | Gained mutation: You curl defensively after being hit.
                  | [Palentonga growth]
  3027 | D:4      | Reached XP level 7. HP: 38/59 MP: 7/7
  3138 | D:4      | Reached skill level 7 in Axes
  3169 | D:4      | Found a blossoming altar of Fedhas.
  3477 | D:5      | Entered Level 5 of the Dungeon
  3681 | D:5      | Reached ** piety under Trog
  3704 | D:5      | Noticed Grinder
  3723 | D:5      | Killed Grinder
  3786 | D:5      | Noticed Menkaure
  3794 | D:5      | Killed Menkaure
  3795 | D:5      | Reached skill level 8 in Axes
  3877 | D:5      | Reached XP level 8. HP: 68/68 MP: 8/8
  4489 | D:6      | Found a white marble altar of Elyvilon.
  4641 | D:6      | Noticed Blork the orc
  4647 | D:6      | Killed Blork the orc
  4695 | D:5      | Reached skill level 9 in Axes
  5082 | D:7      | Found an opulent altar of Gozag.
  5117 | D:7      | Identified the +5 rapier of the Pits of Slime {freeze, rN+
                  | Will++ Int-5}
  5504 | D:7      | Found a staircase to the Ecumenical Temple.
  5552 | Temple   | Entered the Ecumenical Temple
  5907 | D:8      | Reached skill level 10 in Axes
  5926 | D:8      | Reached XP level 9. HP: 76/77 MP: 9/9
  6645 | D:8      | Reached skill level 11 in Axes
  6771 | D:8      | Found an ornate altar of the Wu Jian Council.
  6850 | D:8      | Reached *** piety under Trog
  7389 | D:9      | Noticed a troll
  7400 | D:9      | Killed a troll
  7401 | D:9      | Reached skill level 12 in Axes
  7406 | D:9      | Noticed Pikel
  7414 | D:9      | Killed Pikel
  7479 | D:9      | Noticed a freezing wraith
  7488 | D:9      | Killed a freezing wraith
  7489 | D:9      | Reached skill level 13 in Axes
  7489 | D:9      | Reached XP level 10. HP: 27/87 MP: 10/10
  7722 | D:9      | Noticed a great orb of eyes
  7739 | D:9      | Killed a great orb of eyes
  7741 | D:9      | Reached skill level 14 in Axes
  7864 | D:9      | Noticed a two-headed ogre
  7885 | D:9      | Killed a two-headed ogre
  8437 | D:9      | Found a snail-covered altar of Cheibriados.
  8603 | D:10     | Entered Level 10 of the Dungeon
  9081 | D:10     | Reached skill level 1 in Evocations
  9095 | D:9      | Reached skill level 15 in Axes
  9256 | D:10     | Reached skill level 10 in Fighting
  9359 | D:10     | Found a staircase to the Lair.
  9409 | D:10     | Noticed a two-headed ogre
  9423 | D:10     | Killed a two-headed ogre
  9806 | D:10     | Found a hide-covered altar of Uskayaw.
  9885 | D:10     | Found a staircase to the Orcish Mines.
 10251 | D:11     | Noticed a green ugly thing
 10258 | D:11     | Killed a green ugly thing
 10259 | D:11     | Reached XP level 11. HP: 96/96 MP: 11/11
 10461 | Lair:1   | Entered Level 1 of the Lair of Beasts
 10715 | Lair:1   | Noticed Gastronok
 10769 | Lair:1   | Killed Gastronok
 10886 | Lair:1   | Found a runed translucent gate.
 10893 | Lair:1   | Found a runed translucent gate.
 10894 | Lair:1   | Found a runed translucent gate.
 10896 | Lair:1   | Noticed fexil's ghost (novice TeSu)
 10896 | Lair:1   | Noticed kalagan's ghost (journeyman DECj)
 10896 | Lair:1   | Noticed brob1's ghost (journeyman DDFi)
 12245 | Lair:2   | Reached skill level 5 in Armour
 12245 | Lair:2   | Reached skill level 5 in Dodging
 12245 | Lair:2   | Reached XP level 12. HP: 83/105 MP: 12/12
 12247 | Lair:2   | Reached skill level 16 in Axes
 12791 | Lair:2   | Noticed a five-headed hydra
 12796 | Lair:2   | Killed a five-headed hydra
 12928 | Lair:2   | Reached **** piety under Trog
 13065 | Lair:3   | Noticed an eight-headed hydra
 13094 | Lair:3   | Killed an eight-headed hydra
 13233 | Lair:3   | Found a staircase to the Snake Pit.
 13265 | Lair:3   | Reached skill level 5 in Evocations
 13280 | Lair:3   | Identified the ring of Lilacs {rPois rC+++ rN+ Will- Dex+2}
 13438 | Lair:3   | Noticed an eight-headed hydra
 13776 | Lair:3   | Killed an eight-headed hydra
 14181 | Lair:3   | Reached skill level 1 in Shields
 14205 | Lair:3   | Noticed a boulder beetle
 14226 | Lair:3   | Killed a boulder beetle
 14227 | Lair:3   | Reached XP level 13. HP: 23/113 MP: 13/13
 15628 | Lair:4   | Annihilated by a boulder beetle

Illustrated notes

Levels and vault maps discovered:
D:1:      saegor_arrival_under_anarchy, layout_loops_ring,
          hellmonk_ecumenical_altar_run_dry, minmay_hedge_maze,
          serial_bayou_lagoon_a
D:2:      layout_loops_ring
D:3:      layout_loops_ring, grunt_dithmenos_smoke, kennysheep_orc_sif_temple,
          hex_tiny, kennysheep_generic_room_2, uniq_natasha
D:4:      layout_loops_ring, amcnicky_altar_gilded, lemuel_flame_loot_1,
          uniq_eustachio
D:5:      layout_rooms, uniq_menkaure, uniq_grinder
D:6:      layout_cave_pools, nicolae_elyvilon_peaceful_grove, uniq_blork_the_orc
D:7:      layout_basic, mainiacjoe_overflow_chevrons, temple_hall,
          kennysheep_nondescript, grunt_ministairs_3
D:8:      layout_basic, mainiacjoe_overflow_small_starburst,
          minmay_misc_feat_chi, minmay_manual_mail
D:9:      layout_loops_ring, mainiacjoe_overflow_alcove_1, minmay_three_doors,
          uniq_pikel
D:10:     layout_loops_corners, nicolae_uskayaw_dance_studio, erik_orc_4,
          blue_anna_alchemist
D:11:     layout_small_grid, serial_shops, nicolae_take_the_stairs,
          minmay_misc_feat_enclosed
Temple:   zaba_magenta_temple
Lair:1:   layout_gridlike, gammafunk_ghost_cemetery, beast_lair_carwin_4,
          uniq_gastronok
Lair:2:   layout_chaotic_city
Lair:3:   pond_and_an_island_with_a_cottage, layout_gridlike,
          guppyfry_snake_entry_garden, nzn_sisyphean_effort
Lair:4:   layout_hall_layers, nicolae_swamp_entry_splash_gauntlet, special_room
          [special_room_mythical_zoo], st_stairs_10, minmay_shattered_shrine

Skill      XL: |  1  2  3  4  5  6  7  8  9 10 11 12 13 |
---------------+----------------------------------------+-----
Axes           | 4 5 6 8 10 13 15 16 | 16.5
Fighting       | 4 5 6 7 8 10 11 | 11.5
Evocations     | 2 4 5 6 |  6.2
Armour         | 2 5 6 7 |  7.0
Dodging        | 2 5 6 7 |  7.0
Shields        | 1 2 |  2.7

Action                   |  1- 3 |  4- 6 |  7- 9 | 10-12 | 13-15 || total
-------------------------+-------+-------+-------+-------+-------++-------
Melee: Hand axe          |    68 |    93 |   333 |    98 |       ||   592
       Tailslap          |     8 |    14 |    55 |    75 |    11 ||   163
       War axe           |       |       |       |   373 |    81 ||   454
       Morningstar       |       |       |       |     5 |       ||     5
Throw: Dart              |       |       |     2 |    13 |    14 ||    29
Invok: Berserk           |     3 |     4 |     7 |    11 |     1 ||    26
       Trog's Hand       |       |       |     4 |    11 |     1 ||    16
 Abil: Rolling Charge    |       |     6 |    11 |     2 |     3 ||    22
Evoke: Wand              |       |       |       |    24 |       ||    24
  Use: Potion            |       |     4 |       |     6 |     1 ||    11
       Scroll            |       |       |     4 |    16 |     1 ||    21
Armor: Leather armour    |     8 |     6 |   107 |   151 |    17 ||   289
       Ring mail         |    11 |    25 |       |       |       ||    36
       Skin              |       |     2 |       |       |       ||     2
Dodge: Dodged            |    17 |    36 |   101 |   167 |    33 ||   354
Block: Other             |       |       |    42 |    91 |    15 ||   148
       Reflection        |       |       |       |    14 |       ||    14
